 Dungeon Crawl Stone Soup version 0.28.0-53-g5a82cb258f (webtiles) character file.

Game seed: 2732183094494186313

114 SanguineChosen the Chopper (level 4, -8/40 HPs)
             Began as a Hill Orc Cinder Acolyte on June 21, 2022.
             Was a High Priest of Ignis.
             Mangled by a gnoll
             ... wielding a +0 halberd
              (17 damage)
             ... on level 3 of the Dungeon.
             The game lasted 00:12:23 (3615 turns).

SanguineChosen the Chopper (HOCA)                   Turns: 3615, Time: 00:12:24

Health: -8/40      AC:  2    Str: 16    XL:     4   Next: 98%
Magic:  1/6        EV: 11    Int: 16    God:    Ignis [*****.]
Gold:   187        SH:  5    Dex:  6    Spells: 4/6 levels left

rFire   + . .      SeeInvis .   g - +2 hand axe (freeze)
rCold   . . .      Faith    .   (no shield)
rNeg    . . .      Spirit   .   b - +0 robe
rPois   .          Reflect  +   (no helmet)
rElec   .          Harm     .   (no cloak)
rCorr   .          Rampage  .   (no gloves)
Will    .....                   (no boots)
Stlth   +.........              i - amulet of reflection
HPRegen 0.13/turn               (no ring)
MPRegen 0.10/turn               (no ring)

@: no status effects
A: no striking features
a: Renounce Religion, Fiery Armour, Foxfire Swarm, Rising Flame


You were on level 3 of the Dungeon.
You worshipped Ignis.
Ignis was extremely pleased with you.
You visited 1 branch of the dungeon, and saw 3 of its levels.

You collected 187 gold pieces.

Inventory:

Hand Weapons
 a - a -1 hand axe of flaming
 g - a +2 hand axe of freezing (weapon)
Armour
 b - a +0 robe (worn)
Jewellery
 i - an amulet of reflection (around neck)
Scrolls
 c - a scroll of vulnerability {unknown}
 d - 5 scrolls of identify {unknown}
 e - a scroll of torment {unknown}
 h - a scroll of noise {unknown}
Potions
 f - a potion of degeneration {unknown}


   Skills:
 + Level 4.2 Fighting
 + Level 5.0 Axes
 + Level 0.6 Dodging
 + Level 0.3 Stealth
 + Level 1.6 Spellcasting
 + Level 4.3 Fire Magic


You had 4 spell levels left.
You knew the following spells:

 Your Spells              Type           Power      Damage    Failure   Level
a - Scorch                Fire           30%        2d6       5%          2

Your spell library contained the following spells:

 Spells                   Type           Power      Damage    Failure   Level


Dungeon Overview and Level Annotations

Branches:
Dungeon (3/15)

Altars:
Trog


Message History

The gnoll barely misses you. You block the gnoll's attack.
The gnoll closely misses you. You block the gnoll's attack.
The gnoll hits you with a +0 spear!
Things that are here:
a +0 club; a gnoll corpse You are too injured to fight recklessly!
You hit the gnoll but do no damage. The gnoll hits you with a +0 spear.
* * * LOW HITPOINT WARNING * * *
You barely miss the gnoll. The gnoll closely misses you.
Casting: Scorch (safe; 6% risk of failure)
Press: ? - help, Q - select action Dir - look around, f - activate You miscast Scorch.
You are very lightly contaminated with residual magic.
Nothing appears to happen.
The gnoll closely misses you.
You hit the gnoll. You freeze the gnoll.
The gnoll is moderately wounded.
The gnoll misses you.
You hit the gnoll. You freeze the gnoll.
The gnoll is severely wounded.
A gnoll comes into view. It is wielding a +0 halberd.
You hit the gnoll. You freeze the gnoll.
You kill the gnoll!
Your magical contamination has completely faded away.
Casting: Scorch (safe; 5% risk of failure)
Press: ? - help, Q - select action Dir - look around, f - activate Flames lash the gnoll.
The gnoll is severely wounded.
The gnoll's fire resistance burns away.
The gnoll closely misses you.
The gnoll hits you from afar with a +0 halberd.
* * * LOW HITPOINT WARNING * * *
The gnoll is no longer more vulnerable to fire.
The gnoll hits you from afar with a +0 halberd.
* * * LOW HITPOINT WARNING * * *
The gnoll completely misses you. The gnoll hits you with a +0 halberd!
You die...

# #...........#..#######
..#....รท<....###.......#######
.........)...#########........
..#....).<)...................
. #..........######.........<.
#..........#......#####.####
#..........#.###### #..##
#..........g.# ##..#
###..#.....@## ##)##
#.#....##..# #).. #.#...####.#
###. #.#.#.# .# ## ..[.#.. ..
#.###.. #.. .. #.. ... #...
....


You could see a gnoll.

Vanquished Creatures
  2 gnolls (D:3)
  3 adders (D:2)
  3 worms
  4 dart slugs
  An orc (D:3)
  4 endoplasms
  3 giant cockroaches (D:1)
  3 goblins
  3 hobgoblins
  5 quokkas
  4 ball pythons
  4 bats
  2 frilled lizards
  6 kobolds
  6 rats
53 creatures vanquished.

Notes
Turn   | Place    | Note
-------+----------+-------------------------------------------
     0 | D:1      | SanguineChosen the Hill Orc Cinder Acolyte began the quest
                  | for the Orb.
     0 | D:1      | Reached XP level 1. HP: 19/19 MP: 2/2
   368 | D:1      | Found a faded altar of an unknown god.
   563 | D:1      | Reached XP level 2. HP: 27/27 MP: 3/3
   568 | D:1      | Learned a level 2 spell: Scorch
  1753 | D:2      | Reached XP level 3. HP: 33/33 MP: 1/4
  2514 | D:2      | Found a bloodstained altar of Trog.
  2516 | D:2      | Reached XP level 4. HP: 34/40 MP: 2/5
  3566 | D:3      | Reached skill level 5 in Axes
  3615 | D:3      | Mangled by a gnoll

Illustrated notes

Levels and vault maps discovered:
D:1:      dpeg_arrival_rooms_with_view, layout_basic,
          shapermc_ecumenical_altar_pompeii, ebering_dispersal_statue_hall
D:2:      layout_loops_ring, chequers_serial_rivers_micro_c, eino_tiny_chamber,
          minmay_hexomino_r4
D:3:      layout_rooms, nzn_wu_jian_contemplation, uniq_robin

Skill      XL: |  1  2  3  4 |
---------------+-------------+-----
Fighting       | 4 |  4.2
Fire Magic     | 4 |  4.3
Axes           | 5 |  5.0
Dodging        | |  0.6
Stealth        | |  0.3
Spellcasting   | |  1.6

Action                   |  1- 3 |  4- 6 || total
-------------------------+-------+-------++-------
Melee: Hand axe          |    73 |    21 ||    94
       Punch             |       |     1 ||     1
 Cast: Scorch            |    15 |    16 ||    31
  Use: Potion            |     1 |       ||     1
Armor: Robe              |    21 |     1 ||    22
Dodge: Dodged            |    40 |    13 ||    53
Block: Other             |       |     5 ||     5
